[ AOE2 MATCH · #507260238 ]
UnrankedMapuche vs Cumans
Player's team · WIN
Rival team · LOSS
[ REPLAY ANALYSIS · EXTRACTED FROM THE RECORDED GAME ]
Feudal
11:54
Castle
15:54
Imperial
—
| APM avg | 61.7 |
| APM peak | 89 |
| eAPM avg | 16.1 |
| Villagers / military | 45 / 31 |
Focus
⚔️ 32.2% · 🌾 67.8%
Bolas Rider ×27 · Unknown (2550) ×5 · Mangonel ×4
Feudal
9:18
Castle
—
Imperial
—
| APM avg | 51.5 |
| APM peak | 90 |
| eAPM avg | 21.4 |
| Villagers / military | 53 / 14 |
Focus
⚔️ 31.9% · 🌾 68.1%
Skirmisher ×7 · Archer ×6 · Battering Ram ×1
Match map
Initial resources + every placement click. Lines = walls · curves = elevation contours. ◆ gold · ⬟ stone · ● berries · ✦ relic · ◌ wall gap
Your base· Open — unwalled flank
vidar's base· Open — unwalled flank
Smoothed initial terrain · ◌ = detected wall gap · hover for details
Inputs per minute
— k1ngkong - - vidar
Build order — k1ngkong
105 actions detected in the replay
| 0:01 | Queue | Villager (Male) ×4 |
| 0:03 | Build | House |
| 0:04 | Build | House |
| 1:34 | Queue | Villager (Male) |
| 1:46 | Build | Settlement |
| 1:54 | Queue | Villager (Male) |
| 2:28 | Queue | Villager (Male) |
| 2:48 | Queue | Villager (Male) |
| 3:20 | Queue | Villager (Male) |
| 3:39 | Queue | Villager (Male) |
| 4:02 | Queue | Villager (Male) |
| 4:38 | Queue | Villager (Male) |
| 4:44 | Build | Barracks |
| 4:58 | Queue | Villager (Male) ×2 |
| 4:58 | Queue | Villager (Male) ×2 |
| 5:33 | Build | House |
| 5:51 | Queue | Villager (Male) |
| 5:57 | Queue | Unit 2550 ×4 |
| 6:23 | Build | House |
| 6:24 | Queue | Villager (Male) |
| 6:41 | Queue | Villager (Male) |
| 6:42 | Queue | Villager (Male) |
| 6:47 | Build | Settlement |
| 7:17 | Build | Farm |
| 7:29 | Queue | Villager (Male) ×2 |
| 7:29 | Queue | Villager (Male) ×2 |
| 7:47 | Queue | Villager (Male) |
| 8:03 | Queue | Villager (Male) |
| 8:22 | Queue | Unit 2550 |
| 8:33 | Queue | Villager (Male) |
| 8:35 | Build | Farm |
| 8:40 | Research | Loom |
| 8:53 | Build | Farm |
| 9:25 | Research | Feudal Age |
| 9:47 | Build | Outpost |
| 10:24 | Build | Farm |
| 11:07 | Queue | Villager (Male) |
| 11:54 | Age | Feudal Age |
| 12:00 | Build | Market |
| 12:16 | Research | Double-Bit Axe |
| 12:16 | Queue | Villager (Male) |
| 12:25 | Build | Archery Range |
| 12:36 | Queue | Villager (Male) |
| 13:14 | Research | Castle Age |
| 13:38 | Queue | Villager (Male) |
| 13:46 | Build | Settlement |
| 14:07 | Build | Archery Range |
| 14:45 | Build | Blacksmith |
| 14:54 | Build | House |
| 15:14 | Build | House |
| 15:15 | Build | Palisade Wall |
| 15:16 | Build | Palisade Wall |
| 15:29 | Research | Fletching |
| 15:32 | Build | House |
| 15:54 | Age | Castle Age |
| 16:00 | Queue | Bolas Rider |
| 16:00 | Queue | Bolas Rider |
| 16:09 | Queue | Bolas Rider |
| 16:09 | Queue | Bolas Rider |
| 16:11 | Research | Bodkin Arrow |
| 16:25 | Queue | Bolas Rider |
| 16:25 | Queue | Villager (Male) |
| 16:47 | Build | House |
| 16:53 | Queue | Villager (Male) |
| 17:06 | Queue | Bolas Rider |
| 17:06 | Queue | Bolas Rider |
| 17:07 | Queue | Villager (Male) |
| 17:43 | Build | Siege Workshop |
| 17:46 | Queue | Villager (Male) |
| 17:47 | Queue | Bolas Rider |
| 18:30 | Queue | Mangonel |
| 18:30 | Queue | Villager (Male) |
| 18:34 | Build | House |
| 18:43 | Queue | Bolas Rider |
| 19:09 | Queue | Mangonel |
| 19:10 | Queue | Villager (Male) |
| 19:11 | Queue | Bolas Rider |
| 19:23 | Queue | Bolas Rider |
| 19:26 | Build | House |
| 20:06 | Queue | Villager (Male) |
| 20:06 | Queue | Bolas Rider |
| 20:07 | Queue | Bolas Rider |
| 20:09 | Build | Farm |
| 20:10 | Build | Farm |
| 20:27 | Queue | Mangonel |
| 20:45 | Queue | Villager (Male) |
| 20:47 | Build | Farm |
| 20:48 | Build | Farm |
| 21:08 | Queue | Villager (Male) |
| 21:09 | Queue | Bolas Rider ×4 |
| 21:48 | Queue | Bolas Rider ×2 |
| 21:49 | Queue | Villager (Male) |
| 22:00 | Queue | Bolas Rider |
| 22:05 | Queue | Mangonel |
| 22:14 | Queue | Villager (Male) |
| 22:15 | Queue | Bolas Rider |
| 22:22 | Build | House |
| 22:23 | Build | House |
| 22:32 | Build | Farm |
| 22:34 | Build | Farm |
| 22:49 | Queue | Villager (Male) |
| 23:20 | Queue | Villager (Male) |
| 23:22 | Queue | Bolas Rider ×4 |
| 24:00 | Queue | Villager (Male) |
| 24:00 | Queue | Bolas Rider ×2 |
Build order — vidar
134 actions detected in the replay
| 0:00 | Queue | Villager (Male) |
| 0:01 | Queue | Villager (Male) |
| 0:02 | Build | House |
| 0:03 | Build | House |
| 0:08 | Queue | Villager (Male) |
| 0:15 | Queue | Villager (Male) |
| 1:28 | Queue | Villager (Male) |
| 1:51 | Queue | Villager (Male) |
| 2:05 | Build | Lumber Camp |
| 2:20 | Queue | Villager (Male) |
| 2:51 | Queue | Villager (Male) |
| 3:00 | Build | House |
| 3:08 | Queue | Villager (Male) |
| 3:20 | Queue | Villager (Male) |
| 4:02 | Queue | Villager (Male) |
| 4:19 | Queue | Villager (Male) |
| 4:30 | Build | Mill |
| 4:46 | Queue | Villager (Male) |
| 5:11 | Queue | Villager (Male) |
| 5:32 | Queue | Villager (Male) |
| 5:49 | Queue | Villager (Male) |
| 6:05 | Build | House |
| 6:39 | Research | Loom |
| 7:08 | Research | Feudal Age |
| 8:58 | Build | Mill |
| 9:18 | Age | Feudal Age |
| 9:21 | Queue | Villager (Male) |
| 9:23 | Build | Town Center |
| 9:31 | Build | Palisade Wall |
| 9:32 | Build | Palisade Wall |
| 9:33 | Build | Palisade Wall |
| 9:41 | Queue | Villager (Male) |
| 9:45 | Build | Palisade Wall |
| 9:59 | Queue | Villager (Male) |
| 10:05 | Research | Double-Bit Axe |
| 10:09 | Build | Palisade Wall |
| 10:11 | Build | Palisade Wall |
| 10:13 | Build | Palisade Wall |
| 10:15 | Build | Palisade Wall |
| 10:24 | Queue | Villager (Male) |
| 10:30 | Build | Palisade Wall |
| 10:31 | Build | Palisade Wall |
| 10:33 | Build | Palisade Wall |
| 10:46 | Queue | Villager (Male) |
| 11:08 | Queue | Villager (Male) |
| 11:08 | Queue | Villager (Male) |
| 11:11 | Research | Horse Collar |
| 11:30 | Queue | Villager (Male) |
| 11:40 | Queue | Villager (Male) |
| 11:59 | Queue | Villager (Male) |
| 12:14 | Build | Barracks |
| 12:17 | Queue | Villager (Male) |
| 12:25 | Build | House |
| 12:32 | Queue | Villager (Male) |
| 12:35 | Queue | Villager (Male) |
| 12:35 | Queue | Villager (Male) |
| 12:45 | Build | House |
| 13:10 | Build | Archery Range |
| 13:16 | Build | Farm |
| 13:19 | Build | Farm |
| 13:20 | Queue | Villager (Male) |
| 13:26 | Build | Farm |
| 13:35 | Build | Farm |
| 13:46 | Build | Farm |
| 13:51 | Queue | Archer |
| 13:51 | Queue | Archer |
| 13:54 | Build | House |
| 13:57 | Build | Palisade Wall |
| 14:00 | Queue | Villager (Male) |
| 14:19 | Build | Farm |
| 14:21 | Build | Farm |
| 14:21 | Queue | Villager (Male) |
| 14:24 | Queue | Archer |
| 14:40 | Queue | Villager (Male) |
| 14:42 | Build | Blacksmith |
| 14:46 | Build | House |
| 14:48 | Build | House |
| 14:53 | Queue | Archer |
| 15:02 | Build | House |
| 15:02 | Queue | Villager (Male) |
| 15:03 | Queue | Villager (Male) |
| 15:14 | Queue | Villager (Male) |
| 15:22 | Build | Farm |
| 15:23 | Build | Farm |
| 15:32 | Queue | Villager (Male) |
| 15:35 | Build | Farm |
| 15:57 | Build | Farm |
| 15:57 | Build | Farm |
| 15:57 | Build | Farm |
| 15:57 | Build | Farm |
| 16:24 | Queue | Villager (Male) |
| 16:31 | Build | Market |
| 16:36 | Build | Farm |
| 16:38 | Build | Farm |
| 16:41 | Queue | Villager (Male) |
| 16:53 | Build | Farm |
| 16:54 | Queue | Villager (Male) |
| 17:13 | Queue | Villager (Male) |
| 17:27 | Build | Siege Workshop |
| 17:35 | Research | Fletching |
| 17:36 | Queue | Villager (Male) |
| 17:37 | Queue | Skirmisher |
| 17:45 | Build | House |
| 17:46 | Build | House |
| 17:50 | Queue | Villager (Male) |
| 17:50 | Queue | Villager (Male) |
| 18:04 | Queue | Archer |
| 18:04 | Queue | Archer |
| 18:16 | Research | Padded Archer Armor |
| 18:28 | Queue | Skirmisher |
| 18:30 | Queue | Villager (Male) |
| 18:33 | Queue | Battering Ram |
| 18:38 | Queue | Villager (Male) |
| 18:44 | Build | House |
| 18:52 | Queue | Villager (Male) |
| 18:56 | Queue | Skirmisher |
| 19:29 | Queue | Villager (Male) |
| 19:41 | Build | Watch Tower |
| 19:47 | Queue | Villager (Male) |
| 19:57 | Queue | Villager (Male) |
| 20:02 | Queue | Skirmisher |
| 20:02 | Queue | Skirmisher |
| 20:13 | Build | Farm |
| 20:14 | Build | Farm |
| 20:33 | Build | Farm |
| 20:47 | Research | Wheelbarrow |
| 20:53 | Build | Farm |
| 21:04 | Build | Stable |
| 21:05 | Build | Stable |
| 21:13 | Queue | Villager (Male) |
| 21:34 | Queue | Villager (Male) |
| 22:45 | Queue | Skirmisher |
| 22:46 | Queue | Skirmisher |
| 23:50 | Research | Castle Age |
Match timeline
| 4:44 | k1ngkong · first_building Barracks |
| 9:18 | vidar · age_up feudal |
| 9:31 | vidar · wall_segment Palisade Wall x1 |
| 9:32 | vidar · wall_segment Palisade Wall x1 |
| 9:33 | vidar · wall_segment Palisade Wall x1 |
| 9:45 | vidar · wall_segment Palisade Wall x1 |
| 10:09 | vidar · wall_segment Palisade Wall x1 |
| 10:11 | vidar · wall_segment Palisade Wall x1 |
| 10:13 | vidar · wall_segment Palisade Wall x1 |
| 10:15 | vidar · wall_segment Palisade Wall x1 |
| 10:30 | vidar · wall_segment Palisade Wall x1 |
| 10:31 | vidar · wall_segment Palisade Wall x1 |
| 10:33 | vidar · wall_segment Palisade Wall x1 |
| 11:54 | k1ngkong · age_up feudal |
| 12:14 | vidar · first_building Barracks |
| 12:25 | k1ngkong · first_building Archery Range |
| 12:51 | k1ngkong · first_market_sell 500 stone |
| 13:01 | k1ngkong · first_market_buy 100 food |
| 13:10 | vidar · first_building Archery Range |
| 13:57 | vidar · wall_segment Palisade Wall x1 |
| 15:15 | k1ngkong · wall_segment Palisade Wall x1 |
| 15:16 | k1ngkong · wall_segment Palisade Wall x1 |
| 15:54 | k1ngkong · age_up castle |
| 17:27 | vidar · first_building Siege Workshop |
| 17:43 | k1ngkong · first_building Siege Workshop |
| 19:12 | vidar · first_market_buy 100 stone |
| 21:04 | vidar · first_building Stable |
| 23:31 | vidar · first_market_sell 100 wood |
| 24:01 | vidar · resign |
[ AI ANALYSIS · 1 CREDIT ]
What really happened in this match?
Wolo.gg analyzes every decision: build order, eco, micro, common mistakes by bracket. Personalized analysis on WhatsApp or Discord in 30 seconds.
Civ guide
Mapuche
Perfil
Jugador #3045036